 Dungeon Crawl Stone Soup version 0.18.1-48-g4cf74bf (webtiles) character file.

399 nikopol the Poker (level 6, -1/56 HPs)
             Began as a Minotaur Berserker on July 25, 2016.
             Was a Priest of Trog.
             Killed from afar by an orc wizard (6 damage)
             ... with a puff of flame
             ... on level 4 of the Dungeon.
             The game lasted 00:05:48 (2150 turns).

nikopol the Poker (Minotaur Berserker)              Turns: 2150, Time: 00:05:48

Health: -1/56      AC:  7    Str: 21    XL:     6   Next: 53%
Magic:  5/5        EV: 12    Int:  4    God:    Trog [***...]
Gold:   167        SH:  0    Dex: 12    Spells: 0 memorised, 5 levels left

rFire  . . .     SeeInvis .     a - +0 spear
rCold  . . .     Gourm    .     k - +0 ring mail (curse)
rNeg   . . .     Faith    .     (no shield)
rPois  .         Spirit   .     (helmet restricted)
rElec  .         Dismiss  .     (no cloak)
rCorr  .         Reflect  .     m - +0 pair of gloves
SustAt .         Harm     .     (no boots)
MR     .....                    (no amulet)
Stlth  ..........               (no ring)
                                (no ring)

@: confused, not resistant to hostile enchantments, extremely unstealthy
A: retaliatory headbutt, horns 2
a: Berserk, Trog's Hand, Burn Spellbooks, Renounce Religion


You were on level 4 of the Dungeon.
You worshipped Trog.
Trog was most pleased with you.
You were hungry.

You visited 1 branch of the dungeon, and saw 4 of its levels.

You collected 167 gold pieces.

Inventory:

Hand Weapons
 a - a +0 spear (weapon)
Missiles
 x - 31 arrows
Armour
 b - a +0 animal skin
 k - a cursed +0 ring mail (worn)
 m - a +0 pair of gloves (worn)
Jewellery
 e - a +6 amulet of reflection {unknown}
 s - an uncursed ring of positive energy {unknown}
Scrolls
 d - 4 scrolls of teleportation {unknown}
 f - a scroll of random uselessness {unknown}
 g - 2 scrolls of remove curse {unknown}
 h - a scroll of immolation {unknown}
 i - 6 scrolls of identify {unknown}
 l - a scroll of noise {unknown}
 n - a scroll of amnesia {unknown}
 r - a scroll of blinking {unknown}
 u - a scroll of recharging {unknown}
Potions
 j - a potion of degeneration {unknown}
 q - 2 potions of curing {unknown}
 t - 2 potions of agility {unknown}
 v - a potion of brilliance {unknown}
 w - 3 potions of berserk rage {unknown}
Comestibles
 c - 4 bread rations
 o - 2 fruits


   Skills:
 + Level 5.1 Fighting
 + Level 5.6 Polearms
 + Level 4.7 Armour
 + Level 4.2 Dodging


You had 5 spell levels left.
You didn't know any spells.

Dungeon Overview and Level Annotations

Branches:
Dungeon (4/15)             Temple (0/1) D:4

Altars:
Ashenzari
Fedhas
The Shining One


Innate Abilities, Weirdness & Mutations

You reflexively headbutt those who attack you in melee.
You have a pair of horns on your head.


Message History

You're too confused!
Eat which item? (? for menu, Esc to quit)
You are feeling hungry.
The orc wizard hits you but does no damage.
That beef jerky was jerk-a-riffic!
You bump into the rock wall.
The orc wizard gestures at you while chanting.
You are more confused.
You're too confused!
The orc wizard hits you but does no damage.
You're too confused to move!
The orc wizard hits you but does no damage.
You barely miss the orc wizard.
The orc wizard is severely wounded.
You're too confused!
You miss the orc wizard. Your headbutt misses the orc wizard.
The orc wizard is severely wounded.
The orc wizard gestures at you while chanting.
The puff of flame hits you!
You die...

#...##.# ##.....##
#...##.# ##...## #
##.###.# #+##
#.##.###.# #.#
#........#### #.#
###.........###.##
#...###.#.##...##
#.....#.#.#.[.o.#
#.#.#.#.#.##..@######
#.##......))).......#
#.
######)#########...
#. #!# #.# ..# ###


You could see an orc wizard.

Vanquished Creatures
  Sigmund (D:3)
  An orc priest (D:4)
  An orc wizard (D:4)
  Jessica (D:3)
  Natasha (D:3)
  Robin (D:3)
  5 adders
  An ooze (D:4)
  3 worms
  2 giant geckos
  5 orcs
  5 giant cockroaches
  11 goblins
  9 hobgoblins
  5 bats
  3 giant newts
  4 kobolds
  4 rats
63 creatures vanquished.

Notes
Turn   | Place    | Note
--------------------------------------------------------------
     0 | D:1      | nikopol the Minotaur Berserker began the quest for the Orb.
     0 | D:1      | Reached XP level 1. HP: 19/19 MP: 0/0
   367 | D:1      | Reached XP level 2. HP: 26/27 MP: 1/1
   705 | D:2      | Reached XP level 3. HP: 26/33 MP: 2/2
   720 | D:2      | Reached ** piety under Trog
   728 | D:2      | Found a faded altar to an unknown god.
  1047 | D:2      | Found a glowing golden altar of the Shining One.
  1175 | D:3      | Found a shattered altar of Ashenzari.
  1219 | D:3      | Found a blossoming altar of Fedhas.
  1290 | D:3      | Reached XP level 4. HP: 40/40 MP: 3/3
  1311 | D:3      | Noticed Robin
  1319 | D:3      | Noticed Jessica
  1327 | D:3      | Killed Robin
  1348 | D:3      | Killed Jessica
  1415 | D:3      | Noticed Sigmund
  1424 | D:3      | Reached *** piety under Trog
  1427 | D:3      | Killed Sigmund
  1427 | D:3      | Reached skill level 5 in Polearms
  1427 | D:3      | Reached XP level 5. HP: 44/47 MP: 4/4
  1427 | D:3      | Reached XP level 6. HP: 51/55 MP: 5/5
  1556 | D:3      | Noticed Natasha
  1589 | D:3      | Killed Natasha
  1589 | D:3      | Reached skill level 5 in Fighting
  2039 | D:4      | Found a staircase to the Ecumenical Temple.
  2150 | D:4      | Killed from afar by an orc wizard

Skill      XL: |  1  2  3  4  5  6 |
---------------+-------------------+-----
Polearms       | 4 5 |  5.6
Fighting       | 4 5 |  5.1
Armour         | 3 4 |  4.7
Dodging        | 3 4 |  4.2

Action                   |  1- 3 |  4- 6 || total
-------------------------+-------+-------++-------
Melee: Spear             |   102 |   116 ||   218
       Headbutt          |    13 |    16 ||    29
       Unarmed           |       |     2 ||     2
Invok: Berserk           |       |     1 ||     1
  Eat: Chunk             |     1 |     2 ||     3
       Beef jerky        |       |     1 ||     1
Armor: Animal skin       |     2 |       ||     2
       Ring mail         |    18 |    35 ||    53
Dodge: Dodged            |    32 |    34 ||    66
